 Dungeon Crawl Stone Soup version 0.31-a0-1-g4198be8af4 (webtiles) character file.

Game seed: 14354100567730128524

809 scionoferis the Cudgeller (level 7, -5/63 HPs)
             Began as a Ghoul Berserker on May 1, 2023.
             Was a Priest of Trog.
             Slain by a wight
             ... wielding a +3 scimitar
              (7 damage)
             ... on level 5 of the Dungeon.
             The game lasted 00:14:42 (5895 turns).

scionoferis the Cudgeller (Ghoul Berserker)         Turns: 5895, Time: 00:14:42

Health: -5/63      AC:  9    Str: 20    XL:     7   Next: 92%
Magic:  6/6        EV:  8    Int:  3    God:    Trog [***...]
Gold:   437        SH:  0    Dex: 10    Spells: 6/6 levels left

rFire   . . .        a - +3 flail
rCold   + . .        (no shield)
rNeg    + + +        t - +0 chain mail
rPois   ∞            m - +0 helmet
rElec   .            (no cloak)
rCorr   .            (no gloves)
SInv    .            (no boots)
Will    +....        (no amulet) Stlth
                     w - ring of willpower
HPRegen 0.00/turn    (no ring)
MPRegen 0.10/turn

%: no passive effects
@: inhibited regen
A: claws 1, cold resistance 1, negative energy resistance 3, inhibited
regeneration, torment resistance 2, devour on kill
a: Renounce Religion, Trog's Hand


You were on level 5 of the Dungeon.
You worshipped Trog.
Trog was most pleased with you.
You visited 1 branch of the dungeon, and saw 6 of its levels.

You collected 437 gold pieces.


Innate Abilities, Weirdness & Mutations

You are immune to poison.
You have sharp fingernails.
Your flesh is cold resistant. (rC+)
You are immune to negative energy. (rN+++)
You do not regenerate when monsters are visible.
You are immune to unholy pain and torment.
You thrive by killing the living.


   Skills:
 + Level 6.3 Fighting
 * Level 7.0 Maces & Flails
 - Level 1.7 Armour
 - Level 1.7 Dodging


You had 6 spell levels left.
You didn't know any spells.
Your spell library was empty.

Inventory:

Hand Weapons
 a - a +3 flail (weapon)
   (You took it off a wight on level 4 of the Dungeon)
 b - a +1 trident of venom
   (You found it on level 4 of the Dungeon)
 z - a +0 mace
Missiles
 f - 5 datura-tipped darts
 k - 4 poisoned darts (quivered)
 v - 11 atropa-tipped darts
Armour
 m - a +0 helmet (worn)
   (You took it off Robin on level 2 of the Dungeon)
 t - a +0 chain mail (worn)
   (You found it on level 3 of the Dungeon)
Jewellery
 w - a ring of willpower (left claw)
   (You found it on level 5 of the Dungeon)
Scrolls
 d - 3 scrolls of blinking
 e - a scroll of vulnerability {unknown}
 g - 2 scrolls of amnesia {unknown}
 h - a scroll of poison {unknown}
 i - 3 scrolls of identify
 j - 2 scrolls of immolation {unknown}
 l - a scroll of fog {unknown}
 n - 3 scrolls of noise {unknown}
 p - 2 scrolls of magic mapping {unknown}
 q - a scroll of enchant armour {unknown}
 s - a scroll of teleportation {unknown}
 u - a scroll of silence {unknown}
 x - a scroll of acquirement {unknown}
 y - a scroll of summoning {unknown}
Potions
 c - a potion of haste {unknown}
 o - 3 potions of degeneration {unknown}
 r - a potion of curing {unknown}
 A - a potion of heal wounds

Dungeon Overview and Level Annotations

Branches:
Dungeon (6/15)
 Temple: D:4-7

Altars:
Gozag

Shops:
D:4 *

Annotations:
D:1 flight to explore

.###'######....#..............#..
.#........#...##.....##.......#..
.#........#...##.....##.......#..
.#........#.......<...#.......#..
.##.......#...........'.......#..
.##.......#...######'##.......#..
....<....####'##.....##.......#..
.........##...##......#.......#..
.........'.....z@.....#.......#..
.........#....##)....##.......#..
.##......#....##.....##.......#..
.##.z....##...##.....#........#..
...<.....####'##.....+........#..
.....................#........#[.
.....................#........#..
..............##.....##.......#..
..............##.....##.......#..


You could see a wight.


Message History

You bump into the rock wall.
The ice beast barely misses you.
You miss the ice beast.
The ice beast is moderately wounded.
You feel less invigorated.
You feel less confused.
You feel the effects of Trog's Hand fading.
The ice beast barely misses you.
You completely miss the ice beast.
The ice beast is moderately wounded.
The ice beast hits you. The ice beast freezes you. You resist.
The ice beast closely misses you.
You hit the ice beast.
The ice beast is heavily wounded.
The ice beast barely misses you.
You hit the ice beast but do no damage.
The ice beast is heavily wounded.
The ice beast hits you but does no damage.
You hit the ice beast but do no damage.
The ice beast is heavily wounded.
The ice beast barely misses you.
You barely miss the ice beast.
The ice beast is heavily wounded.
Your skin stops crawling.
You feel less strong-willed.
The ice beast hits you but does no damage.
You hit the ice beast.
The ice beast is severely wounded.
The ice beast hits you. The ice beast freezes you. You resist.
You hit the ice beast.
The ice beast is almost dead.
The ice beast hits you. The ice beast freezes you! You resist.
The ice beast hits you. The ice beast freezes you. You resist.
You hit the ice beast.
You kill the ice beast!
Trog accepts your kill.
Your Maces & Flails skill increases to level 5!
You have reached level 6!
You start resting.
HP restored.
There is a stone staircase leading down here.
An orc comes into view. It is wielding a +0 falchion.
Found 5 datura-tipped darts.
You closely miss the orc. The orc hits you but does no damage.
You hit the orc.
The orc is heavily wounded.
The orc hits you with a +0 falchion.
You sock the orc!
You kill the orc!
Trog accepts your kill.
You feel better.
You now have 182 gold pieces (gained 9).
You see here a +0 falchion.
You see here 5 datura-tipped darts.
f - 5 datura-tipped darts You see here a +0 falchion.
Found a scroll labelled YKAUPLUMAL.
Found 6 gold pieces.
There is an open door here.
Found 8 gold pieces.
n - 2 scrolls labelled YKAUPLUMAL (gained 1)
There is an open door here.
You open the door.
Found a stone staircase leading up.
There is an open door here.
Found a stone staircase leading up.
There is a stone staircase leading up here.
You climb upwards.
Found a runed trident.
There is a stone staircase leading down here.
You see here a +1 trident of venom.
l - a +1 trident of venom Your +1 trident of venom begins to drip with poison!
l - a +1 trident of venom (weapon)
You now have 189 gold pieces (gained 7).
Found a club.
You now have 205 gold pieces (gained 16).
As you open the door, it creaks loudly!
There is an open door here.
Found 7 stones.
A howler monkey comes into view.
Found a stone staircase leading up.
The howler monkey howls!
The howler monkey hoots and howls with incredible vigour!
You hear an angry hiss.
The howler monkey hoots and howls with incredible vigour!
You reach to attack!
You closely miss the howler monkey.
The howler monkey hits you but does no damage.
You closely miss the howler monkey. The howler monkey hits you.
The howler monkey hoots and howls with incredible vigour!
You hear a shout!
You barely miss the howler monkey. The howler monkey hits you.
You puncture the howler monkey!
The howler monkey is poisoned.
The howler monkey is severely wounded.
The howler monkey barely misses you. The howler monkey hits you.
You puncture the howler monkey!
You kill the howler monkey!
Trog accepts your kill.
An adder comes into view.
A hobgoblin comes into view.
Your Fighting skill increases to level 5!
You reach to attack!
You closely miss the adder. You puncture the adder!
You kill the adder!
Trog accepts your kill.
You puncture the hobgoblin!
You kill the hobgoblin!
Trog accepts your kill.
No target in view!
You start resting.
A quokka comes into view.
You reach to attack!
You puncture the quokka!
You kill the quokka!
Trog accepts your kill.
No target in view!
You start resting.
HP restored.
p - a scroll labelled VONLOA CIASH
Found a stone staircase leading down.
There is a stone staircase leading up here.
You climb upwards.
The kobold shouts!
The endoplasm quivers.
Found 9 gold pieces and a dagger.
There is a stone staircase leading down here.
You barely miss the endoplasm.
The endoplasm hits you but does no damage.
The endoplasm freezes you.
You are frozen.
You resist.
You barely miss the endoplasm.
The kobold throws a stone.
The stone hits you but does no damage. The endoplasm misses you.
You puncture the endoplasm!
You kill the endoplasm!
Trog accepts your kill.
You closely miss the kobold. The kobold misses you.
You barely miss the kobold. The kobold barely misses you.
The kobold hits you but does no damage.
You hit the kobold.
The kobold is moderately wounded.
The kobold closely misses you.
You hit the kobold.
The kobold is poisoned.
The kobold is severely wounded.
You kill the kobold!
Trog accepts your kill.
You feel better.
Things that are here:
a +0 whip; 4 stones You now have 214 gold pieces (gained 9).
You open the door.
There is an open door here.
You open the door.
Found a glaive.
There is an open door here.
q - a scroll labelled DITHRI YRHYEGUXTA You now have 219 gold pieces (gained 5).
A dart slug comes into view.
Found a stone staircase leading up.
You reach to attack!
You puncture the dart slug!
You kill the dart slug!
Trog accepts your kill.
No target in view!
There is a stone staircase leading up here.
i - 3 scrolls labelled ZYIZAU APPIS (gained 1)
A goblin comes into view. It is wielding a +0 club.
The goblin shouts!
The goblin unwields a +0 club.
The goblin wields a +0 sling.
The goblin shoots a sling bullet.
The sling bullet barely misses you.
Found a glowing yellow potion.
The goblin shoots a sling bullet.
The sling bullet hits you.
The goblin shoots a sling bullet.
The sling bullet barely misses you.
You reach to attack!
You puncture the goblin!
You kill the goblin!
Trog accepts your kill.
You feel better.
No target in view!
HP restored.
Things that are here:
a +0 sling; a +0 club; a goblin corpse
r - a glowing yellow potion
Found a chain mail.
You see here a +0 chain mail.
You now have 224 gold pieces (gained 5).
s - a scroll labelled RABEZA MUMA You see here a +0 chain mail.
t - a +0 chain mail You start removing your armour.
You continue taking off your +0 leather armour. x4
You finish taking off your +0 leather armour.
You start putting on your armour.
You continue putting on your +0 chain mail. x5
You finish putting on your +0 chain mail.
Unknown command.
You drop a +0 leather armour.
o - 2 glowing white potions (gained 1)
A goblin comes into view. It is wielding a +0 club.
The goblin shouts!
You reach to attack!
You hit the goblin.
The goblin is poisoned.
The goblin is heavily wounded.
You kill the goblin!
Trog accepts your kill.
No target in view!
You now have 229 gold pieces (gained 5).
A ball python comes into view.
The ball python hisses angrily.
You closely miss the ball python. The ball python closely misses you.
The ball python grabs you. The ball python constricts you.
You hit the ball python.
You kill the ball python!
Trog accepts your kill.
You feel better.
No target in view!
j - 2 scrolls labelled FATOUR HOLISM (gained 1)
You now have 236 gold pieces (gained 7).
Found a stone staircase leading down.
Found 4 stones.
You see here 4 stones.
You open the large door.
Found 7 stones.
There is a large open door here.
Found an escape hatch in the floor.
There is a large open door here.
You open the door.
Found 9 stones.
There is an open door here.
You see here 9 stones.
There is an open door here.
You open the door.
There is an open door here.
A quokka comes into view.
You reach to attack!
You puncture the quokka!
You kill the quokka!
Trog accepts your kill.
No target in view!
An orc wizard and 2 orcs come into view.
Found 10 gold pieces.
The orc shouts!
Okay, then.
Your skin crawls.
You feel strong-willed.
You reach to attack!
You puncture the orc wizard!
The orc wizard is heavily wounded.
The orc wizard gestures at you while chanting.
The magic dart hits you but does no damage.
You reach to attack!
You barely miss the orc wizard.
The orc wizard is heavily wounded.
The orc wizard hits you but does no damage.
You completely miss the orc wizard.
The orc wizard is heavily wounded.
The orc wizard hits you but does no damage.
The orc hits you but does no damage.
You hit the orc wizard.
The orc wizard is poisoned.
The orc wizard is severely wounded.
The orc wizard hits you with a +0 dagger.
The orc hits you but does no damage.
You hit the orc wizard.
The orc wizard is almost dead.
You kill the orc wizard!
Trog accepts your kill.
Trog appreciates your killing of a magic user.
The orc hits you but does no damage. x2
You reach to attack!
You hit the orc.
The orc is poisoned.
The orc is severely wounded.
The orc hits you but does no damage.
You reach to attack!
You hit the orc but do no damage.
The orc looks as sick as possible!
The orc is severely wounded.
You kill the orc!
Trog accepts your kill.
You reach to attack!
You closely miss the orc. The orc hits you but does no damage.
You puncture the orc!
You kill the orc!
Trog accepts your kill.
No target in view! 2 orcs come into view.
Things that are here:
a +0 club; a +0 dagger; a +0 robe You see here a +0 trident.
You puncture the orc!
You kill the orc!
Trog accepts your kill.
You reach to attack!
You puncture the orc!
You kill the orc!
Trog accepts your kill.
No target in view!
Things that are here:
a +0 club; a +0 ring mail You feel the effects of Trog's Hand fading.
Things that are here:
a +0 mace; an orc corpse You now have 246 gold pieces (gained 10).
Your skin stops crawling.
You feel less strong-willed.
You open the door.
There is an open door here.
You see here 4 stones.
You open the door.
There is an open door here.
There is an open door here.
Found an escape hatch in the ceiling.
You now have 258 gold pieces (gained 12).
An endoplasm comes into view.
The endoplasm quivers.
Found a mace.
You reach to attack!
You puncture the endoplasm!
You kill the endoplasm!
Trog accepts your kill.
No target in view!
There is a shaft here.
Things that are here:
a +0 whip; 4 stones
There is a stone staircase leading down here.
There is an open door here.
There is an open door here.
There is a shaft here.
Found a leather armour.
A rat comes into view.
You reach to attack!
You puncture the rat!
You kill the rat!
Trog accepts your kill.
No target in view!
Found a stone staircase leading down and a stone staircase leading up.
You now have 275 gold pieces (gained 17).
A rat comes into view.
A rat is nearby!
There is a stone staircase leading down here.
You barely miss the rat. The rat bites you but does no damage.
You barely miss the rat. The rat closely misses you. The rat barely misses you.
You hit the rat.
You kill the rat!
Trog accepts your kill.
No target in view!
You now have 283 gold pieces (gained 8).
You see here a staff of earth.
There is a stone staircase leading down here.
There is a stone staircase leading up here.
Done exploring.
Done exploring.
Search for what [Enter for "d:", or ? for help]? brand Unknown command.
There is a stone staircase leading down here.
You climb downwards.
Found 18 gold pieces.
There is a stone staircase leading up here.
You now have 296 gold pieces (gained 13).
There is a stone staircase leading up here.
You now have 301 gold pieces (gained 5).
i - 4 scrolls labelled ZYIZAU APPIS (gained 1)
You now have 310 gold pieces (gained 9).
n - 3 scrolls labelled YKAUPLUMAL (gained 1)
d - 2 scrolls labelled YPIUMM QU XEKH (gained 1)
Found a whip.
You now have 326 gold pieces (gained 16).
You open the door.
A kobold comes into view. It is wielding a +0 dagger.
Found a short sword.
Found a stone staircase leading up.
There is an open door here.
You reach to attack!
You closely miss the kobold. You hit the kobold.
You kill the kobold!
Trog accepts your kill.
No target in view!
You see here a +1 short sword of holy wrath.
You open the door.
There is an open door here.
An endoplasm comes into view.
The endoplasm quivers.
You puncture the endoplasm!
You kill the endoplasm!
Trog accepts your kill.
No target in view!
Found a sling.
A giant cockroach comes into view.
You see here a +0 sling.
A giant cockroach is nearby!
You reach to attack!
You barely miss the giant cockroach. The giant cockroach closely misses you.
You closely miss the giant cockroach.
The giant cockroach bites you but does no damage.
A giant cockroach is nearby!
You hit the giant cockroach but do no damage.
The giant cockroach is poisoned.
The giant cockroach barely misses you.
The giant cockroach bites you but does no damage.
You hit the giant cockroach.
You kill the giant cockroach!
Trog accepts your kill.
No target in view!
You now have 340 gold pieces (gained 14).
An ufetubus comes into view.
The ufetubus shouts!
The ufetubus hits you but does no damage. x2
You puncture the ufetubus!
You kill the ufetubus!
Trog accepts your kill.
No target in view!
You open the door.
Found an opulent altar of Gozag.
c - a black potion You open the door.
There is an open door here.
u - a scroll labelled VAES BOCIUS
There is a stone staircase leading down here.
Found a flail.
Unknown command.
Found 6 atropa-tipped darts.
Found 9 gold pieces and a leather armour.
You see here 6 atropa-tipped darts.
v - 6 atropa-tipped darts A gnoll comes into view.
It is wielding a +0 halberd.
Throw: 4 darts (poison)
Press: ? - help, Q - select action, (/) - cycle Shift-Dir - straight line, f - gnoll
Aim: a gnoll, wielding a +0 halberd (61% to hit)
You throw a poisoned dart.
The poisoned dart completely misses the gnoll.
Unknown command.
Throw: 3 darts (poison)
Press: ? - help, Q - select action, (/) - cycle Shift-Dir - straight line, f/p - gnoll
Aim: a gnoll, wielding a +0 halberd (61% to hit)
You throw a poisoned dart.
The poisoned dart barely misses the gnoll.
Unknown command.
You reach to attack!
You puncture the gnoll!
The gnoll looks as sick as possible!
The gnoll is severely wounded.
You kill the gnoll!
Trog accepts your kill.
No target in view!
A gnoll bouda comes into view. It is wielding a +0 club.
The gnoll bouda shouts!
A gnoll comes into view. It is wielding a +0 flail.
The gnoll bouda barks out a call to the hunt!
A gnoll comes into view. It is wielding a +0 flail.
The gnoll shouts!
You start waiting.
A gnoll bouda is nearby!
You reach to attack!
You barely miss the gnoll bouda. You barely miss the gnoll bouda.
The gnoll bouda barks out a call to the hunt!
You hear a shout!
You hit the gnoll bouda.
The gnoll bouda is poisoned.
The gnoll bouda is lightly wounded.
The gnoll bouda hits you but does no damage.
You puncture the gnoll bouda!
The gnoll bouda looks as sick as possible!
The gnoll bouda is heavily wounded.
The gnoll barely misses you.
You hit the gnoll.
The gnoll is poisoned.
The gnoll is moderately wounded.
You kill the gnoll bouda!
Trog accepts your kill.
The gnoll is no longer moving quickly.
You closely miss the gnoll.
The gnoll is severely wounded.
The gnoll hits you with a +0 flail. The gnoll barely misses you.
The gnoll hits you with a +0 flail.
You barely miss the gnoll.
The gnoll is severely wounded.
The gnoll hits you with a +0 flail. x3
You barely miss the gnoll.
The gnoll is severely wounded.
You kill the gnoll!
Trog accepts your kill. The gnoll hits you with a +0 flail.
You closely miss the gnoll. The gnoll closely misses you.
The gnoll barely misses you.
You puncture the gnoll!
The gnoll is poisoned.
The gnoll is severely wounded.
The gnoll barely misses you.
You hit the gnoll.
You kill the gnoll!
Trog accepts your kill.
You start resting.
HP restored.
Items here: )) [ †.
Things that are here:
a +0 flail; a gnoll corpse
Found a stone staircase leading down.
You now have 349 gold pieces (gained 9).
You see here a +0 halberd.
You see here a +0 leather armour.
Found 4 stones.
k - 3 poisoned darts (gained 1)
k - 4 poisoned darts (gained 1)
You now have 355 gold pieces (gained 6).
Found 5 large rocks.
You now have 370 gold pieces (gained 15).
Found Roludu's Neck Hole.
You see here 5 large rocks.
A hound comes into view.
The hound barks!
There is an entrance to Roludu's Neck Hole here.
You reach to attack!
You puncture the hound!
The hound is poisoned.
The hound is heavily wounded.
The hound bites you.
You barely miss the hound.
The hound is heavily wounded.
The hound bites you but does no damage. The hound barely misses you.
You closely miss the hound.
The hound is severely wounded.
The hound bites you but does no damage.
You hit the hound.
You kill the hound!
Trog accepts your kill.
You feel better.
You have reached level 7!
You see here a hound corpse.
There is an entrance to Roludu's Neck Hole here.
You see here a hound corpse.
You open the door.
There is an open door here.
Things that are here:
a +0 flail; a gnoll corpse
Items here: )) [ †.
p - 2 scrolls labelled VONLOA CIASH (gained 1)
Found a book of Minor Magic.
There is a fountain of clear blue water here.
You open the door.
An orc comes into view. It is wielding a +0 club.
Found a glowing white potion.
You reach to attack!
You puncture the orc!
You kill the orc!
Trog accepts your kill.
No target in view!
There is an open door here.
Things that are here:
a +0 club; a +0 chain mail
o - 3 glowing white potions (gained 1)
You open the door.
There is an open door here.
Done exploring.
Done exploring.
Search for what [Enter for "brand", or ? for help]? d: Unknown command.
There is an open door here.
You see here a +0 dagger.
There is an open door here.
You see here 7 stones.
There is a stone staircase leading down here.
Search for what [Enter for "d:", or ? for help]? brand Unknown command.
Search for what [Enter for "brand", or ? for help]? short Unknown command.
You climb downwards.
The ufetubus shouts!
Found a notched wooden ring.
There is a stone staircase leading up here.
You reach to attack!
You puncture the ufetubus!
You kill the ufetubus!
Trog accepts your kill. The dart slug launches a dart at you.
The slug dart misses you.
You reach to attack!
You puncture the dart slug!
You kill the dart slug!
Trog accepts your kill.
No target in view!
No target in view!
There is a stone staircase leading up here.
w - a ring of willpower
w - a ring of willpower (left claw)
You open the door.
There is an open door here.
You open the door.
There is an open door here.
An adder comes into view.
The adder hisses angrily.
An adder comes into view.
The adder hisses angrily.
You reach to attack!
You barely miss the adder. The adder bites you but does no damage.
You puncture the adder!
The adder looks as sick as possible!
The adder is almost dead.
You kill the adder!
Trog accepts your kill.
Your Maces & Flails skill increases to level 6!
You reach to attack!
You closely miss the adder. The adder bites you but does no damage.
You puncture the adder!
The adder is poisoned.
The adder is almost dead.
The adder bites you.
You closely miss the adder.
The adder is almost dead.
The adder closely misses you. The adder bites you but does no damage.
You puncture the adder!
You kill the adder!
Trog accepts your kill.
HP restored.
Things that are here:
an adder corpse; an adder corpse
Found a dagger.
A howler monkey comes into view.
The howler monkey howls!
The howler monkey hoots and howls with incredible vigour!
You reach to attack!
You closely miss the howler monkey. The howler monkey hits you.
You hit the howler monkey.
The howler monkey is poisoned.
The howler monkey is moderately wounded.
The howler monkey hits you.
You puncture the howler monkey!
The howler monkey looks as sick as possible!
The howler monkey is severely wounded.
You kill the howler monkey!
Trog accepts your kill.
You feel better.
No target in view!
You see here a +0 dagger.
A hound comes into view.
Found a quarterstaff.
The hound barks!
You reach to attack!
You puncture the hound!
The hound looks as sick as possible!
The hound is severely wounded.
You kill the hound!
Trog accepts your kill.
No target in view!
Found a stone staircase leading down.
You see here a +0 quarterstaff.
Found a ring mail.
A dart slug comes into view.
A scorpion comes into view.
The scorpion moves out of view.
You reach to attack!
You puncture the dart slug!
You kill the dart slug!
Trog accepts your kill.
You hit the scorpion.
The scorpion is lightly wounded.
The scorpion stings you but does no damage. x2
You completely miss the scorpion.
The scorpion is lightly wounded.
The scorpion stings you.
You barely miss the scorpion.
The scorpion is lightly wounded.
The scorpion stings you but does no damage.
The scorpion stings you.
You hit the scorpion.
The scorpion is poisoned.
The scorpion is moderately wounded.
The scorpion stings you.
You hit the scorpion.
The scorpion looks as sick as possible!
The scorpion is severely wounded.
You kill the scorpion!
Trog accepts your kill.
You feel better.
No target in view!
You see here a scorpion corpse.
You open the door.
There is an open door here.
x - a scroll labelled QEX VULARR
There is an open door here.
You now have 382 gold pieces (gained 12).
You now have 389 gold pieces (gained 7).
You open the door.
There is an open door here.
You open the door.
There is an open door here.
There is an open door here.
You open the door.
There is an open door here.
You open the door.
There is an open door here.
A worm comes into view.
You reach to attack!
You hit the worm.
The worm is poisoned.
The worm is moderately wounded.
You puncture the worm!
The worm looks as sick as possible!
The worm is severely wounded.
The worm barely misses you.
You completely miss the worm.
The worm is severely wounded.
You hit the worm.
You kill the worm!
Trog accepts your kill.
You see here a worm corpse.
You now have 399 gold pieces (gained 10).
Found an escape hatch in the ceiling.
v - 11 atropa-tipped darts (gained 5)
You open the door.
There is an open door here.
You open the door.
There is an open door here.
You open the door.
There is an open door here.
y - a scroll labelled DACVOW FADWOUKH You open the door.
There is an open door here.
As you open the door, it creaks loudly!
There is an open door here.
You open the door.
A quokka comes into view.
There is an open door here.
You barely miss the quokka. The quokka barely misses you. The quokka bites you.
You puncture the quokka!
You kill the quokka!
Trog accepts your kill.
You feel better.
No target in view!
A jelly comes into view.
The jelly quivers.
You reach to attack!
You puncture the jelly!
The jelly looks as sick as possible!
The jelly is severely wounded.
The jelly hits you.
You are splashed with acid!
You hit the jelly.
You kill the jelly!
Trog accepts your kill.
You feel better.
No target in view!
A wight comes into view. It is wielding a +4 long sword.
You reach to attack!
You hit the wight.
The wight is moderately damaged.
You completely miss the wight.
The wight is moderately damaged.
The wight barely misses you.
The wight hits you with a +4 long sword!
You barely miss the wight.
The wight is moderately damaged.
The wight hits you but does no damage.
You hit the wight but do no damage.
The wight is moderately damaged.
The wight hits you but does no damage.
You hit the wight but do no damage.
The wight is moderately damaged.
The wight barely misses you.
The wight hits you with a +4 long sword.
You hit the wight.
The wight is heavily damaged.
The wight hits you with a +4 long sword.
You hit the wight.
The wight is severely damaged.
The wight hits you with a +4 long sword.
You closely miss the wight.
The wight is severely damaged.
The wight hits you with a +4 long sword!
You are too injured to fight recklessly!
You are too injured to fight recklessly!
You are too injured to fight recklessly!
You hit the wight but do no damage.
The wight is severely damaged.
The wight hits you with a +4 long sword. x2
You hit the wight but do no damage.
The wight is severely damaged.
The wight closely misses you.
You barely miss the wight.
The wight is severely damaged.
The wight barely misses you.
You barely miss the wight.
The wight is severely damaged.
The wight hits you with a +4 long sword.
* * * LOW HITPOINT WARNING * * *
The wight hits you with a +4 long sword!
* * * LOW HITPOINT WARNING * * *
You puncture the wight!
You destroy the wight!
Trog accepts your kill.
Your Fighting skill increases to level 6!
Things that are here:
a +4 long sword; a +0 robe You start resting.
HP restored.
Things that are here:
a +4 long sword; a +0 robe A wight comes into view.
It is wielding a +0 halberd.
Things that are here:
a +4 long sword; a +0 robe
Okay, then.
Adjust to which letter? (? for menu, Esc to quit)
b - a +1 trident of venom (weapon);
l - a scroll labelled DEZAUNUBOJI Your +1 trident of venom stops dripping with poison.
a - a +0 mace (weapon)
Search for what [Enter for "short", or ? for help]? mace
There is an open door here.
There is an open door here.
There is an escape hatch in the ceiling here.
A mysterious force pulls you upwards. The hatch slams shut behind you.
Search for what [Enter for "mace", or ? for help]? flail You see here a +0 flail.
z - a +0 flail Adjust to which letter? (? for menu, Esc to quit)
a - a +0 flail;
z - a +0 mace (weapon)
a - a +0 flail (weapon)
There is a stone staircase leading down here.
You climb downwards.
There is a stone staircase leading up here.
There is an open door here.
Found 7 stones.
A worm comes into view.
No target in view!
No target in view!
You sock the worm!
The worm is heavily wounded.
The worm bites you but does no damage.
You hit the worm.
The worm is severely wounded.
The worm bites you but does no damage.
You barely miss the worm.
The worm is severely wounded.
You hit the worm.
The worm is severely wounded.
The worm bites you.
You barely miss the worm.
The worm is severely wounded.
The worm bites you but does no damage.
You sock the worm!
You kill the worm!
Trog accepts your kill.
No target in view!
HP restored.
You now have 407 gold pieces (gained 8).
You now have 413 gold pieces (gained 6).
An adder comes into view.
Found a book of Spatial Translocations.
The adder hisses angrily.
The adder barely misses you.
You barely miss the adder. The adder bites you but does no damage.
You sock the adder!
You kill the adder!
Trog accepts your kill.
No target in view!
You see here an adder corpse.
You now have 426 gold pieces (gained 13).
d - 3 scrolls labelled YPIUMM QU XEKH (gained 1)
You see here a book of Spatial Translocations.
There is an open door here.
You open the door.
There is an open door here.
There is an open door here.
There is an open door here.
There is an open door here.
Things that are here:
a +0 robe; a +4 long sword An adder and a wight come into view.
The adder hisses angrily.
Things that are here:
a +0 robe; a +4 long sword You barely miss the adder.
The adder bites you but does no damage.
You sock the adder!
The adder is heavily wounded.
The adder barely misses you. x2
You closely miss the adder.
The adder is heavily wounded.
The adder barely misses you.
A wight comes into view. It is wielding a +3 flail.
A wight comes into view. It is wielding a +3 scimitar.
You closely miss the adder.
The adder is heavily wounded.
The adder bites you but does no damage.
The wight hits you from afar with a +0 halberd!
The adder attacks as you move away! The adder bites you.
The adder barely misses you. The adder bites you but does no damage.
The adder attacks as you move away! The adder bites you but does no damage.
The adder attacks as you move away! The adder bites you but does no damage.
The adder attacks as you move away!
The adder bites you but does no damage. x2
The adder attacks as you move away! The adder bites you but does no damage.
The adder attacks as you move away! The adder barely misses you.
There is an open door here.
The adder bites you. The adder attacks as you move away!
The adder barely misses you. The adder attacks as you move away!
The adder bites you but does no damage. The adder bites you but does no damage.
The adder attacks as you move away! The adder bites you but does no damage.
The adder closely misses you.
There is an open door here.
The adder attacks as you move away! The adder bites you but does no damage.
The adder bites you but does no damage.
There is an escape hatch in the ceiling here.
The adder bites you but does no damage. A mysterious force pulls you upwards.
The hatch slams shut behind you.
You barely miss the adder.
The adder is heavily wounded.
The adder bites you.
You hit the adder.
The adder is severely wounded.
The adder bites you but does no damage. The adder barely misses you.
You closely miss the adder.
The adder is heavily wounded.
The adder barely misses you.
You closely miss the adder.
The adder is heavily wounded.
The adder barely misses you.
You barely miss the adder.
The adder is heavily wounded.
The adder bites you but does no damage. x2
You miss the adder.
The adder is heavily wounded.
The adder bites you.
You sock the adder!
You kill the adder!
Trog accepts your kill.
You feel better.
No target in view!
No target in view!
HP restored.
There is a stone staircase leading down here.
You climb downwards.
There is a stone staircase leading up here.
There is an open door here.
A wight is nearby!
The wight hits you with a +0 halberd.
You barely miss the wight. The wight barely misses you.
You hit the wight.
The wight is moderately damaged.
The wight hits you with a +0 halberd!
Unknown command.
As you read the scroll labelled ZYIZAU APPIS, it crumbles to dust.
It is a scroll of identify.
d - 3 scrolls of blinking The wight hits you with a +0 halberd!
The wight attacks as you move away! The wight barely misses you.
The wight hits you but does no damage. The wight barely misses you.
The wight hits you with a +3 flail.
There is a stone staircase leading up here.
You climb upwards.
There is a stone staircase leading down here.
There is an entrance to Roludu's Neck Hole here.
You open the door.
There is an open door here.
There is a stone staircase leading down here.
You start resting.
HP restored.
You climb downwards.
There is a stone staircase leading up here.
You climb upwards.
There is a stone staircase leading down here.
There is a stone staircase leading down here.
You climb downwards.
There is a stone staircase leading up here.
There is a stone staircase leading up here.
The wight hits you but does no damage.
The wight hits you from afar with a +0 halberd!
You climb upwards.
There is a stone staircase leading down here.
You hit the wight.
The wight is moderately damaged.
The wight hits you with a +3 flail.
You sock the wight!
You destroy the wight!
Trog accepts your kill.
Things that are here:
a +3 flail; a +0 robe
A - a +3 flail
A - a +3 flail (weapon)
You drop a +0 flail.
Adjust to which letter? (? for menu, Esc to quit)
a - a +3 flail (weapon)
You start resting.
HP restored.
There is a stone staircase leading down here.
You climb downwards.
There is a stone staircase leading up here.
There is an open door here.
There is an open door here.
Things that are here:
a +0 robe; a +4 long sword
Found an escape hatch in the floor.
You now have 437 gold pieces (gained 11).
A - a potion of heal wounds Done exploring.
Done exploring.
There is an escape hatch in the floor here.
Things that are here:
a +0 robe; a +4 long sword
There is an open door here.
There is an open door here.
There is an open door here.
There is an open door here.
What are your orders? t - Shout!
Orders for allies: a - Attack new target. r - Retreat! s - Stop attacking. g - Guard the area. f - Follow me.
Anything else - Cancel.
You shout for attention!
There is an open door here.
The wight hits you from afar with a +0 halberd!
You completely miss the wight. The wight hits you with a +0 halberd.
The wight hits you with a +3 scimitar!
You hit the wight.
The wight is lightly damaged.
The wight hits you with a +0 halberd! The wight barely misses you.
You hit the wight.
The wight is moderately damaged.
The wight barely misses you. x2
You thump the wight!
You destroy the wight!
Trog accepts your kill. The wight hits you with a +3 scimitar.
Your Maces & Flails skill increases to level 7!
You sock the wight!
The wight is severely damaged.
The wight hits you with a +3 scimitar.
You hit the wight.
The wight is almost destroyed.
The wight barely misses you.
You closely miss the wight.
The wight is almost destroyed.
The wight hits you with a +3 scimitar!
* * * LOW HITPOINT WARNING * * *
You closely miss the wight.
The wight is almost destroyed.
The wight hits you with a +3 scimitar!
* * * LOW HITPOINT WARNING * * *
You closely miss the wight. You claw the wight, but do no damage.
The wight is almost destroyed.
The wight hits you with a +3 scimitar!
You die...

Skill      XL: |  1  2  3  4  5  6  7 |
---------------+----------------------+-----
Maces & Flails | 3 4 5 7 |  7.0
Fighting       | 4 5 6 |  6.3
Armour         | |  1.7
Dodging        | |  1.7

Action                     |  1- 3 |  4- 6 |  7- 9 || total
---------------------------+-------+-------+-------++-------
  Melee: Mace              |   115 |   211 |       ||   326
         Punch             |     1 |     4 |     1 ||     6
         Trident           |       |    62 |    40 ||   102
         Flail             |       |       |    32 ||    32
  Throw: Dart              |       |     2 |       ||     2
 Invoke: Trog's Hand       |       |     3 |       ||     3
    Use: Potion            |       |     2 |       ||     2
         Scroll            |       |       |     1 ||     1
 Armour: Leather armour    |    28 |    48 |       ||    76
         Chain mail        |       |    17 |    31 ||    48
  Dodge: Dodged            |    73 |   112 |    26 ||   211

Levels and vault maps discovered:
D:1:      lightli_molten_gateway, layout_loops_corners,
          ebering_ecumenical_altar_mist, chequers_big_river
D:2:      layout_loops_cross, serial_forest, infiniplex_forest_lined_ring,
          infiniplex_forest_clump_long, infiniplex_forest_diagonal,
          infiniplex_forest_clump_curved, infiniplex_forest_end_3,
          infiniplex_forest_corner_1, infiniplex_forest_clump_tiny,
          infiniplex_forest_lined_room_3, minmay_misc_feat_more_columns,
          uniq_robin
D:3:      layout_basic
D:4:      layout_loops_corners, kennysheep_mini_moat, chequers_decorated_corner,
          nicolae_shop_sticking_my_neck_out
D:5:      layout_gridville
D:6:      kennysheep_big_flooded_room, layout_cave_pools,
          minmay_temple_entry_glassed_door, uniq_eustachio

Notes
Turn   | Place    | Note
-------+----------+-------------------------------------------
     0 | D:1      | scionoferis the Ghoul Berserker began the quest for the
                  | Orb.
     0 | D:1      | Reached XP level 1. HP: 19/19 MP: 0/0
   224 | D:1      | Reached skill level 3 in Maces & Flails
   237 | D:1      | Reached XP level 2. HP: 26/26 MP: 1/1
   385 | D:1      | Found a faded altar of an unknown god.
   553 | D:1      | Reached XP level 3. HP: 17/33 MP: 2/2
  1242 | D:2      | Reached skill level 4 in Fighting
  1242 | D:2      | Reached ** piety under Trog
  1340 | D:2      | Reached XP level 4. HP: 40/40 MP: 3/3
  1442 | D:2      | Reached skill level 4 in Maces & Flails
  1515 | D:2      | Noticed Robin
  1534 | D:2      | Killed Robin
  1923 | D:2      | Reached XP level 5. HP: 44/47 MP: 4/4
  2183 | D:3      | You fall into a shaft and drop 3 floors!
  2186 | D:5      | Entered Level 5 of the Dungeon
  2249 | D:5      | Noticed an ice beast
  2351 | D:5      | Killed an ice beast
  2352 | D:5      | Reached skill level 5 in Maces & Flails
  2352 | D:5      | Reached XP level 6. HP: 27/55 MP: 5/5
  2598 | D:4      | Reached skill level 5 in Fighting
  3694 | D:4      | Found an opulent altar of Gozag.
  3999 | D:4      | Found Roludu's Neck Hole.
  4012 | D:4      | Reached XP level 7. HP: 61/61 MP: 6/6
  4351 | D:5      | Reached *** piety under Trog
  4397 | D:5      | Reached skill level 6 in Maces & Flails
  4816 | D:5      | Reached skill level 6 in Fighting
  5891 | D:5      | Reached skill level 7 in Maces & Flails
  5894 | D:5      | HP: 2/63 [wight/+3 scimitar (12)]
  5895 | D:5      | Slain by a wight

Vanquished Creatures
  An ice beast (D:5)
  A scorpion (D:5)
  3 wights (D:5 D:4)
  2 howler monkeys (D:4 D:5)
  2 hounds (D:4 D:5)
  A jelly (D:5)
  A gnoll bouda (D:4)
  2 orc wizards (D:2 D:3)
  Robin (D:2)
  8 adders (D:2 D:5 D:4)
  4 gnolls (D:1 D:4)
  A white imp (D:5)
  3 ufetubi (D:5 D:4)
  2 worms (D:5)
  7 dart slugs (D:1 D:2 D:3 D:5)
  9 orcs (D:2 D:5 D:3 D:4)
  4 bats (D:1 D:2)
  7 endoplasms (D:1 D:2 D:3 D:4)
  5 giant cockroaches (D:1 D:2 D:4)
  12 goblins (D:1 D:2 D:3)
  6 hobgoblins (D:1 D:2 D:4)
  3 kobolds (D:1 D:3 D:4)
  4 quokkas (D:1 D:4 D:3 D:5)
  7 ball pythons (D:1 D:2 D:3)
  4 frilled lizards (D:2)
  8 rats (D:1 D:3)
  A bush (D:2)
109 creatures vanquished.

Vanquished Creatures (others)
  7 plants (D:1 D:2)
7 creatures vanquished.

Grand Total: 116 creatures vanquished

Table legend: (Time is in decaauts)
 A = Elapsed time spent in this place.
 B = Non-inter-level travel time spent in this place.
 C = Inter-level travel time spent in this place.
 D = Time resting spent in this place.
 E = Time spent auto-exploring this place.
 F = Levels seen in this place.
 G = Mean time per level.
                   A        B        C        D        E       F      G
               +--------+--------+--------+--------+--------+-----+--------+
         Total |   6001 |   5585 |    416 |    679 |   3459 |   6 | 1000.2 |
       Dungeon |   6001 |   5585 |    416 |    679 |   3459 |   6 | 1000.2 |
               +--------+--------+--------+--------+--------+-----+--------+

Top non-repeatable levels by time:
     D:5: 1539 daAuts
     D:4: 1346 daAuts
     D:1: 1163 daAuts
     D:2: 1083 daAuts
     D:3: 782 daAuts
     D:6: 87 daAuts

Table legend:
 A = Non-vault XP
 B = Vault XP
 C = Vault XP percentage of total XP
 D = Non-vault monster count
 E = Vault monster count
 F = Vault count percentage of total count
                 A         B        C        D         E       F
            +---------+---------+-------+---------+---------+-------
      Total |    1127 |      30 |   2.6 |      99 |       9 |   8.3
            +---------+---------+-------+---------+---------+-------
        D:1 |      57 |       0 |   0.0 |      25 |       0 |   0.0
        D:2 |     105 |      30 |  22.2 |      23 |       9 |  28.1
        D:3 |      66 |       0 |   0.0 |      15 |       0 |   0.0
        D:4 |     291 |       0 |   0.0 |      16 |       0 |   0.0
        D:5 |     608 |       0 |   0.0 |      20 |       0 |   0.0
            +---------+---------+-------+---------+---------+-------
